 Dungeon Crawl Stone Soup version 0.18-b1-22-ge198996 (webtiles) character file.

301 dwasdwasdwas the Shield-Bearer (level 6, -1/39 HPs)
             Began as a Gargoyle Fighter on May 4, 2016.
             Was a Follower of Ashenzari.
             Slain by an ogre
             ... wielding a +0 giant club
              (17 damage)
             ... on level 4 of the Dungeon.
             The game lasted 00:08:56 (3046 turns).

dwasdwasdwas the Shield-Bearer (Gargoyle Fighter)   Turns: 3046, Time: 00:08:57

Health: -1/39      AC: 13    Str: 21    XL:     6   Next: 37%
Magic:  0/6        EV:  8    Int:  9    God:    Ashenzari [*.....]
Gold:   222        SH:  9    Dex:  9    Spells: 0 memorised, 5 levels left

rFire  . . .     SeeInvis .     a - +0 flail
rCold  . . .     Gourm    .     b - +0 scale mail
rNeg   + + .     Faith    .     c - +0 shield
rPois  ∞         Spirit   +     s - +0 helmet
rElec  +         Dismiss  .     v - +0 cloak
rCorr  .         Reflect  .     (no gloves)
SustAt .         Harm     .     (no boots)
MR     .....                    u - amulet of guardian spirit
Stlth  ..........               (no ring)
                                l - ring of positive energy

@: not resistant to hostile enchantments, extremely unstealthy
A: negative energy resistance 1, electricity resistance, unbreathing,
petrification resistance, rot immunity, AC +4
a: Curse Item, Scrying, Renounce Religion


You were on level 4 of the Dungeon.
You worshipped Ashenzari.
Ashenzari was aware of your devotion.
You were not hungry.

You visited 1 branch of the dungeon, and saw 4 of its levels.

You collected 222 gold pieces.

Inventory:

Hand Weapons
 a - a +0 flail (weapon)
Armour
 b - a +0 scale mail (worn)
 c - a +0 shield (worn)
 s - a +0 helmet (worn)
 v - a +0 cloak (worn)
 w - a +0 scale mail
Jewellery
 l - a ring of positive energy (left hand)
 u - an amulet of guardian spirit (around neck)
Wands
 h - a wand of paralysis (13/24)
Scrolls
 g - 3 scrolls of teleportation
 o - 4 scrolls of immolation
 y - a scroll of identify
Potions
 d - a potion of might
 e - 2 potions of lignification {unknown}
 i - a potion of curing {unknown}
 q - a potion of flight {unknown}
 r - 3 potions of ambrosia {unknown}
Books
 p - a book of Misfortune

   Spells                             Type                      Level
   a - Confusing Touch                Hexes                        2
   b - Confuse                        Hexes                        3
   c - Gell's Gravitas                Hexes/Translocation          3
   d - Petrify                        Transmutation/Earth          4
   e - Metabolic Englaciation         Hexes/Ice                    5
   f - Yara's Violent Unravelling     Hexes/Transmutation          5
Comestibles
 f - 3 bread rations
 j - 2 beef jerkies
 k - 2 slices of pizza
 m - a meat ration
 n - 6 chunks of flesh
 t - a royal jelly
 x - 2 fruits


   Skills:
 + Level 4.3 Fighting
 + Level 3.4 Maces & Flails
 + Level 4.2 Armour
 + Level 2.0 Dodging
 + Level 0.2 Stealth
 + Level 4.6 Shields


You had 5 spell levels left.
You didn't know any spells.

Dungeon Overview and Level Annotations

Branches:
Dungeon (4/15)
 Temple: D:4-7

Altars:
Ashenzari


Innate Abilities, Weirdness & Mutations

You are resistant to torment.
Your stone body is resilient (AC +4).
You are immune to poison.
You resist negative energy.
You are resistant to electric shocks.
You can survive without breathing.
You are immune to petrification.
You are immune to rotting.


Message History

The ogre is severely wounded.
You hit the ogre but do no damage.
The ogre is severely wounded.
The ogre hits you but does no damage.
You hit the ogre.
The ogre is severely wounded.
The ogre closely misses you. The orc hits you but does no damage.
You block the ogre's attack.
You barely miss the ogre.
The ogre is severely wounded.
The orc hits you with a vampiric short sword.
You block the ogre's attack.
You hit the ogre.
The ogre is almost dead.
The orc barely misses you.
You hit the ogre.
The ogre is almost dead.
The ogre completely misses you. The orc barely misses you.
You block the orc's attack. The ogre hits you with a giant club!!
You die...

.....### #....# #. .#
###.## #.#..... .. #...#
#.#..#. .#
#...#######.#=.. .!#
#........##.#..###.. #
##...####(##.#[..#.# ...
..........##.#..#.##....
................o%......
...........#####@.###...
#..........# #O.#
#....#.###.# ...#
#....#.# #.# ##.##
.......# #.# #.#
..#.#..# #.. ... ##. ..#
..#


You could see an ogre and an orc.

Vanquished Creatures
  A scorpion (D:4)
  A hound (D:4)
  2 orc wizards
  7 adders
  2 oozes
  2 worms (D:2)
  A dart slug (D:1)
  3 giant geckos
  6 orcs
  8 bats
  3 giant cockroaches
  8 goblins
  7 hobgoblins
  5 jackals (D:2)
  11 kobolds
  A quokka (D:3)
  2 ball pythons (D:3)
  6 giant newts
  13 rats
89 creatures vanquished.

Notes
Turn   | Place    | Note
--------------------------------------------------------------
     0 | D:1      | dwasdwasdwas the Gargoyle Fighter began the quest for the Orb.
     0 | D:1      | Reached XP level 1. HP: 14/14 MP: 1/1
   106 | D:1      | Reached XP level 2. HP: 19/19 MP: 2/2
   422 | D:1      | Reached XP level 3. HP: 23/23 MP: 3/3
  1144 | D:2      | Reached XP level 4. HP: 29/29 MP: 4/4
  2066 | D:3      | Reached XP level 5. HP: 32/33 MP: 5/5
  2092 | D:3      | Found a faded altar to an unknown god.
  2158 | D:3      | Became a worshipper of Ashenzari the Shackled
  2158 | D:3      | Reached * piety under Ashenzari
  2192 | D:3      | Reached skill level 1 in Dodging
  2912 | D:4      | Reached XP level 6. HP: 35/38 MP: 6/6
  3046 | D:4      | Slain by an ogre

Skill      XL: |  1  2  3  4  5  6 |
---------------+-------------------+-----
Armour         | 4 |  4.2
Shields        | 4 |  4.6
Fighting       | 4 |  4.3
Maces & Flails | 3 |  3.4
Dodging        | 1 2 |  2.0
Stealth        | |  0.2

Action                   |  1- 3 |  4- 6 || total
-------------------------+-------+-------++-------
Melee: Flail             |   113 |   218 ||   331
  Use: Scroll            |       |     7 ||     7
  Eat: Chunk             |     1 |     7 ||     8
Armor: Scale mail        |    55 |   116 ||   171
Dodge: Dodged            |    32 |    61 ||    93
Block: Shield            |    62 |    94 ||   156
